 Dungeon Crawl Stone Soup version 0.31-a0-252-gc4385922b5 (webtiles) character file.

Game seed: 16669012307488522906

637 qw the Shooter (level 7, -4/43 HPs)
             Began as a Gargoyle Hexslinger on July 12, 2023.
             Slain by an ogre
             ... wielding a +0 giant club
              (7 damage)
             ... on level 5 of the Dungeon.
             The game lasted 00:01:57 (3625 turns).

qw the Shooter (Gargoyle Hexslinger)                Turns: 3625, Time: 00:01:58

Health: -4/43      AC: 11    Str: 11    XL:     7   Next: 50%
Magic:  8/8        EV: 10    Int: 14    God:
Gold:   83         SH:  5    Dex: 14    Spells: 7/8 levels left

rFire   + . .        Y - +2 sling
rCold   . . .        (no shield)
rNeg    + . .        i - +0 ring mail
rPois   inf          a - +0 helmet {SInv}
rElec   +            (no cloak)
rCorr   .            (no gloves)
SInv    +            (no boots)
Will    .....        l - amulet of reflection
Stlth   +            c - ring of protection from fire
HPRegen 0.27/turn    (no ring)
MPRegen 0.11/turn

%: reflection
@: about to teleport
A: sickness immunity, AC +4, negative energy resistance 1, electricity
resistance, torment resistance 1, petrification resistance
a: no special abilities


You were on level 5 of the Dungeon.
You visited 1 branch of the dungeon, and saw 5 of its levels.

You collected 233 gold pieces.
You spent 150 gold pieces at shops.


Innate Abilities, Weirdness & Mutations

You are immune to sickness and miasma.
Your stone body is resilient. (AC +4)
You are immune to poison.
You resist negative energy. (rN+)
You are resistant to electric shocks. (rElec)
You are resistant to unholy torment.
You are immune to petrification.


   Skills:
 - Level 4.2 Fighting
 + Level 7.0 Ranged Weapons
 - Level 1.0 Armour
 - Level 1.5 Dodging
 - Level 1.0 Spellcasting
 - Level 2.6 Hexes


You had 7 spell levels left.
You knew the following spells:

 Your Spells              Type           Power      Damage    Failure   Level
a - Slow                  Hex            32%        N/A       21%         1

Your spell library contained the following spells:

 Spells                   Type           Power      Damage    Failure   Level
 Inner Flame              Hex/Fire       4%         N/A       71%         3
 Portal Projectile        Hex/Tloc       8%         N/A       71%         3
 Cause Fear               Hex            4%         N/A       90%         4

Inventory:

Hand Weapons
 Y - a +2 sling (weapon)
Armour
 a - a +0 helmet of see invisible (worn)
 i - a +0 ring mail (worn)
Jewellery
 c - a ring of protection from fire (left hand)
 l - an amulet of reflection (around neck)
Scrolls
 h - a scroll of identify
Potions
 d - 2 potions of might
 f - a potion of magic {unknown}
 g - a potion of heal wounds {unknown}
 j - 2 potions of enlightenment
 m - a potion of cancellation

Dungeon Overview and Level Annotations

Branches:
Dungeon (5/15)
 Temple: D:4-7

Altars:
Elyvilon

Shops:
D:3 *


Message History

(D) Dungeon
Where to? (* - list waypoints, Enter - D:4, ? - help)
What level of the Dungeon? (default 1, ? - help)
There is a stone staircase leading down here.
You climb downwards.
There is a stone staircase leading up here.
Waypoint 4 assigned to D:5.
An ogre comes into view. It is wielding a +0 giant club.
Found a scroll of identify.
The ogre shouts!
You shoot a sling bullet.
The sling bullet barely misses the ogre.
You shoot a sling bullet.
The sling bullet completely misses the ogre.
You shoot a sling bullet. The sling bullet hits the ogre.
The ogre is lightly wounded.
You shoot a sling bullet. The sling bullet hits the ogre.
The ogre is moderately wounded.
You shoot a sling bullet. The sling bullet hits the ogre.
The ogre is moderately wounded.
You shoot a sling bullet. The sling bullet hits the ogre.
The ogre is heavily wounded.
The ogre hits you with a +0 giant club!!
Ouch! That really hurt!
You shoot a sling bullet. The sling bullet hits the ogre.
The ogre is severely wounded.
The ogre barely misses you.
You shoot a sling bullet.
The sling bullet barely misses the ogre.
The ogre closely misses you.
You shoot a sling bullet. The sling bullet hits the ogre.
The ogre is severely wounded.
You shoot a sling bullet. The sling bullet hits the ogre.
The ogre is almost dead.
The ogre hits you with a +0 giant club!!
3625 ||| READING scroll of teleportation.
As you read the scroll of teleportation, it crumbles to dust.
You feel strangely unstable. The ogre hits you with a +0 giant club!
You die...

### #... ...####
.... ?.##)##.###
......O@..#
#.##.##.#.#####..#
#..#.<......#
..#.########.#
.....# .... ...
###..... # ###.


You could see an ogre.

Vanquished Creatures
  Grinder (D:4)
  2 scorpions
  An orc priest (D:4)
  4 orc wizards
  Robin (D:3)
  7 adders
  A worm (D:3)
  2 dart slugs
  12 orcs
  2 ball pythons
  4 endoplasms
  8 giant cockroaches
  16 goblins
  16 hobgoblins
  7 quokkas
  5 bats
  A frilled lizard (D:3)
  6 kobolds
  4 rats
100 creatures vanquished.

Notes
Turn   | Place    | Note
-------+----------+-------------------------------------------
     0 | D:1      | qw the Gargoyle Hexslinger began the quest for the Orb.
     0 | D:1      | Reached XP level 1. HP: 12/12 MP: 2/2
     0 | D:1      | 0 ||| qw: Version: 0.3-a-52-g30416fa
     0 | D:1      | 0 ||| qw: Game counter: 6632
     0 | D:1      | 0 ||| qw: Melee chars always use a shield: true
     0 | D:1      | 0 ||| qw: God list: Okawaru
     0 | D:1      | 0 ||| qw: Allow faded altars: false
     0 | D:1      | 0 ||| qw: Do Orc after clearing Dungeon:15 true
     0 | D:1      | 0 ||| qw: Do second Lair branch before Depths: true
     0 | D:1      | 0 ||| qw: Lair rune preference: random
     0 | D:1      | 0 ||| qw: Goals: Normal
     0 | D:1      | 0 ||| PLANNING D:1-11
   120 | D:1      | Reached XP level 2. HP: 16/16 MP: 3/3
   303 | D:1      | Reached skill level 3 in Ranged Weapons
   532 | D:1      | Reached XP level 3. HP: 16/21 MP: 4/4
   740 | D:1      | 740 ||| UPGRADING to +0 leather armour.
   750 | D:1      | 750 ||| DROPPING +0 robe.
   751 | D:1      | 751 ||| UPGRADING to +0 ring mail.
   761 | D:1      | 761 ||| DROPPING +0 leather armour.
   762 | D:1      | 762 ||| DRINKING 2 golden potions.
   866 | D:1      | 866 ||| DRINKING 2 fizzy puce potions.
   867 | D:1      | 867 ||| DROPPING scroll of poison.
   868 | D:1      | 868 ||| DROPPING potion of berserk rage.
   939 | D:2      | 939 ||| FLEEEEING.
   940 | D:2      | 940 ||| FLEEEEING.
   986 | D:2      | Noticed a scorpion
   995 | D:2      | Killed a scorpion
   996 | D:2      | Reached skill level 4 in Ranged Weapons
   996 | D:2      | Reached XP level 4. HP: 19/26 MP: 5/5
  1317 | D:2      | 1317 ||| READING scroll labelled FETETR ITEC.
  1383 | D:3      | Reached XP level 5. HP: 30/30 MP: 6/6
  1386 | D:3      | Reached skill level 1 in Armour
  1390 | D:3      | Noticed Robin
  1405 | D:3      | Killed Robin
  1535 | D:3      | Reached skill level 5 in Ranged Weapons
  1962 | D:3      | Found Ritivoot's General Store.
  1969 | D:3      | 1969 ||| BUYING potion of cancellation (80 gold).
  1969 | D:3      | Bought a potion of cancellation for 80 gold pieces
  1969 | D:3      | 1969 ||| BUYING potion of enlightenment (50 gold).
  1969 | D:3      | Bought a potion of enlightenment for 50 gold pieces
  1969 | D:3      | 1969 ||| SHOPLISTING potion of mutation (80 gold, have 64).
  1969 | D:3      | 1969 ||| BUYING scroll of identify (20 gold).
  1969 | D:3      | Bought a scroll of identify for 20 gold pieces
  2094 | D:3      | Reached skill level 3 in Fighting
  2201 | D:3      | Reached XP level 6. HP: 37/37 MP: 7/7
  2414 | D:3      | 2414 ||| UPGRADING to +0 helmet of see invisible.
  2419 | D:3      | 2419 ||| UPGRADING to amulet of reflection.
  2424 | D:3      | 2424 ||| READING scroll labelled GUUDYISUAC.
  2425 | D:3      | 2425 ||| READING 2 scrolls labelled FICKUU XIKAXI.
  2430 | D:3      | 2430 ||| DRINKING 2 fuming sapphire potions.
  2431 | D:3      | 2431 ||| READING 2 scrolls of identify.
  2431 | D:3      | 2431 ||| IDENTIFYING glowing brown potion
  2432 | D:3      | 2432 ||| DROPPING potion of invisibility.
  2486 | D:4      | 2486 ||| DRINKING potion of curing.
  2486 | D:4      | 2486 ||| (to cure confusion)
  2495 | D:4      | HP: 7/37 [orc priest/divine providence (10)]
  2496 | D:4      | 2496 ||| READING scroll of teleportation.
  2498 | D:4      | HP: 3/37 [orc/+0 hand axe (2)]
  2737 | D:4      | 2737 ||| FLEEEEING.
  2738 | D:4      | 2738 ||| FLEEEEING.
  2846 | D:4      | Noticed Grinder
  2858 | D:4      | Paralysed by Grinder for 3 turns
  2865 | D:4      | Paralysed by Grinder for 4 turns
  2872 | D:4      | Paralysed by Grinder for 4 turns
  2884 | D:4      | Paralysed by Grinder for 4 turns
  2888 | D:4      | Killed Grinder
  2889 | D:4      | Reached skill level 7 in Ranged Weapons
  2889 | D:4      | Reached XP level 7. HP: 35/41 MP: 8/8
  3523 | D:4      | Found a white marble altar of Elyvilon.
  3578 | D:4      | 3578 ||| UPGRADING to ring of protection from fire.
  3579 | D:4      | 3579 ||| READING scroll labelled NUEXOI EMPA.
  3609 | D:5      | Entered Level 5 of the Dungeon
  3624 | D:5      | HP: 2/43 [ogre/+0 giant club (20)]
  3625 | D:5      | 3625 ||| READING scroll of teleportation.
  3625 | D:5      | Slain by an ogre

Levels and vault maps discovered:
D:1:      enne_arrival_octagon_isle, layout_basic
D:2:      layout_rooms
D:3:      minmay_door_path, layout_loops_cross, serial_shops, shop,
          kennysheep_generic_room_14, uniq_robin
D:4:      layout_loops_cross, mainiacjoe_overflow_small_starburst, st_stairs_14,
          amethyst_killhole, uniq_grinder
D:5:      layout_loops_ring, mainiacjoe_overflow_alcove_4, serial_shops,
          nicolae_shop_hallway_plus, nrook_mini_vaults

Skill      XL: |  1  2  3  4  5  6  7 |
---------------+----------------------+-----
Ranged Weapons | 3 4 5 7 |  7.0
Fighting       | 2 3 4 |  4.2
Armour         | 1 |  1.0
Dodging        | |  1.5
Spellcasting   | |  1.0
Hexes          | |  2.6

Action                     |  1- 3 |  4- 6 |  7- 9 || total
---------------------------+-------+-------+-------++-------
   Fire: Sling             |   114 |   279 |    70 ||   463
    Use: Potion            |     2 |     2 |       ||     4
         Scroll            |       |     5 |     2 ||     7
 Armour: Robe              |    19 |       |       ||    19
         Ring mail         |     3 |   109 |    36 ||   148
  Dodge: Dodged            |    60 |   122 |    43 ||   225
  Block: Other             |       |    20 |    18 ||    38

Table legend:
 A = Non-vault XP
 B = Vault XP
 C = Vault XP percentage of total XP
 D = Non-vault monster count
 E = Vault monster count
 F = Vault count percentage of total count
                 A         B        C        D         E       F
            +---------+---------+-------+---------+---------+-------
      Total |     582 |     328 |  36.0 |      83 |      17 |  17.0
            +---------+---------+-------+---------+---------+-------
        D:1 |      34 |       0 |   0.0 |      19 |       0 |   0.0
        D:2 |     126 |       0 |   0.0 |      17 |       0 |   0.0
        D:3 |     117 |      45 |  27.8 |      24 |      15 |  38.5
        D:4 |     305 |     283 |  48.1 |      23 |       2 |   8.0
            +---------+---------+-------+---------+---------+-------
